 Dungeon Crawl Stone Soup version 0.21-a0-89-g54e4307 (webtiles) character file.

38 Spazmo the Firebug (level 3, -1/20 HPs)
             Began as a Deep Elf Fire Elementalist on June 27, 2017.
             Slain by a goblin
             ... wielding a +0 dagger
             ... led by Robin
              (6 damage)
             ... on level 1 of the Dungeon.
             The game lasted 00:04:20 (842 turns).

Spazmo the Firebug (Deep Elf Fire Elementalist)      Turns: 842, Time: 00:04:20

Health: -1/20      AC:  2    Str:  5    XL:     3   Next: 25%
Magic:  5/10       EV: 13    Int: 20    God:
Gold:   61         SH:  0    Dex: 15    Spells: 6/9 levels left

rFire    . . .     SeeInvis .   e - +0 spear
rCold    . . .     Gourm    .   (no shield)
rNeg     . . .     Faith    .   a - +0 robe
rPois    .         Spirit   .   (no helmet)
rElec    .         Reflect  .   (no cloak)
rCorr    .         Harm     .   (no gloves)
MR       .....                  (no boots)
Stlth    ++........             (no amulet)
HPRegen  0.06/turn              (no ring)
MPRegen  0.12/turn              (no ring)

@: no status effects
A: no striking features
a: no special abilities


You were on level 1 of the Dungeon.
You were not hungry.

You visited 1 branch of the dungeon, and saw 2 of its levels.

You collected 61 gold pieces.

Inventory:

Hand Weapons
 e - a +0 spear (weapon)
Missiles
 l - 3 stones (quivered)
Armour
 a - a +0 robe (worn)
Scrolls
 d - a scroll of teleportation {unknown}
 f - a scroll of remove curse {unknown}
 g - a scroll of enchant armour {unknown}
 h - a scroll of enchant weapon {unknown}
 j - a scroll of immolation {unknown}
 k - a scroll of identify {unknown}
Books
 b - a book of Flames

   Spells                             Type                      Level
   a - Flame Tongue                   Conjuration/Fire             1
   b - Throw Flame                    Conjuration/Fire             2
   c - Conjure Flame                  Conjuration/Fire             3
   d - Inner Flame                    Hexes/Fire                   3
   e - Sticky Flame                   Conjuration/Fire             4
   f - Fireball                       Conjuration/Fire             5
Comestibles
 c - a bread ration
 i - a meat ration
 m - 7 chunks of flesh


   Skills:
 + Level 0.5 Fighting
 + Level 2.8 Dodging
 - Level 2.4 Stealth
 * Level 3.5 Spellcasting
 * Level 1.9 Conjurations
 * Level 3.7 Fire Magic


You had 6 spell levels left.
You knew the following spells:

 Your Spells              Type           Power        Failure   Level  Hunger
a - Flame Tongue          Conj/Fire      ##...        4%          1    None
b - Throw Flame           Conj/Fire      ##....       6%          2    ##.....


Dungeon Overview and Level Annotations

Branches:
Dungeon (2/15)

Altars:
Xom

Annotations:
D:2 Robin, Terence


Message History

Casting: Flame Tongue
Confirm with . or Enter, or press ? or * to list all spells.
Aiming: Flame Tongue
Press: ? - help, Shift-Dir - straight line, f/p - hobgoblin
Aim: a hobgoblin (unusually strong)
The flame tongue misses the hobgoblin.
Robin throws the goblin at you!
* * * LOW HITPOINT WARNING * * *
The hobgoblin completely misses you. The goblin hits you but does no damage.
The hobgoblin barely misses you.
You climb upwards.
There is a stone staircase leading down here.
Casting: Flame Tongue
Confirm with . or Enter, or press ? or * to list all spells.
Aiming: Flame Tongue
Press: ? - help, Shift-Dir - straight line, f - hobgoblin
Aim: a hobgoblin (unusually strong)
The flame tongue hits the hobgoblin.
The hobgoblin is heavily wounded.
The goblin hits you with a dagger.
You die...

#.# #.# #########
###.###.#
#.....#.# ###
#.....#.# #.#
#.......# ####.#
#......## #....#
#..>...# #.##.#
###g##.# #.##.###
#@##.# #.##.#.##
#g##.# #.##..#.#
#.##.# #....###.
#.##.# ####..#.#
#.##.########.#.##
#.................
####.########..##.
#..............
##########..###


You could see a hobgoblin and a goblin.

Vanquished Creatures
  A worm (D:2)
  2 giant cockroaches (D:1)
  8 goblins
  10 hobgoblins
  2 bats
  A frilled lizard (D:1)
  3 kobolds
  2 rats (D:1)
29 creatures vanquished.

Notes
Turn   | Place    | Note
-------+----------+-------------------------------------------
     0 | D:1      | Spazmo the Deep Elf Fire Elementalist began the quest for the Orb.
     0 | D:1      | Reached XP level 1. HP: 10/10 MP: 6/6
   236 | D:1      | Reached XP level 2. HP: 15/15 MP: 6/8
   240 | D:1      | Learned a level 2 spell: Throw Flame
   657 | D:2      | Found a shimmering altar of Xom.
   692 | D:2      | Noticed Terence
   708 | D:2      | Noticed Robin
   727 | D:2      | Reached XP level 3. HP: 16/19 MP: 5/10
   842 | D:1      | Slain by a goblin

Vault maps used:
D:1:      minmay_arrival_hallway
D:2:      nicolae_overflow_crystal_walls, uniq_robin, uniq_sigmund, uniq_terence

Action                   || total
-------------------------++-------
Melee: Spear             ||     5
Throw: Stone             ||     1
 Cast: Flame Tongue      ||    53
Armor: Robe              ||     9
Dodge: Dodged            ||    26
